 Dungeon Crawl Stone Soup version 0.25-a0-424-g80bd347ae0 (webtiles) character file.

Game seed: 4539506072650230510, levelgen mode: deterministic

64 Alfie the Shooter (level 4, -4/33 HPs)
             Began as a Human Hunter on Jan 21, 2020.
             Slain by an ogre
             ... wielding a +0 giant club
              (19 damage)
             ... on level 4 of the Dungeon.
             The game lasted 00:06:21 (1671 turns).

Alfie the Shooter (Human Hunter)                    Turns: 1671, Time: 00:06:21

Health: -4/33      AC:  4    Str: 14    XL:     4   Next: 32%
Magic:  4/4        EV: 12    Int: 11    God:
Gold:   64         SH:  0    Dex: 13    Spells: 3/3 levels left

rFire    . . .     SeeInvis .   b - +1 short sword
rCold    . . .     Gourm    .   (no shield)
rNeg     . . .     Faith    .   c - +0 leather armour
rPois    .         Spirit   .   (no helmet)
rElec    .         Reflect  .   (no cloak)
rCorr    .         Harm     .   k - +0 pair of gloves
MR       .....                  (no boots)
Stlth    +.........             (no amulet)
HPRegen  0.11/turn              (no ring)
MPRegen  0.09/turn              (no ring)

@: no status effects
A: no striking features
a: no special abilities


You were on level 4 of the Dungeon.
You were not hungry.

You visited 1 branch of the dungeon, and saw 4 of its levels.

You collected 64 gold pieces.

Inventory:

Hand Weapons
 a - a +1 shortbow
 b - a +1 short sword (weapon)
Missiles
 d - 5 arrows
Armour
 c - a +0 leather armour (worn)
 k - a +0 pair of gloves (worn)
Scrolls
 j - 3 scrolls of remove curse
 m - a scroll of blinking {unknown}
 n - a scroll of enchant armour {unknown}
 o - a scroll of magic mapping {unknown}
Potions
 e - a potion of heal wounds {unknown}
 g - a potion of haste {unknown}
 h - 2 potions of agility
 i - 2 potions of cancellation {unknown}
 l - a potion of curing {unknown}
Comestibles
 f - 2 rations


   Skills:
 + Level 2.2 Fighting
 + Level 0.8 Short Blades
 + Level 4.9 Bows
 + Level 1.2 Armour
 + Level 2.2 Dodging
 + Level 1.0 Stealth


You had 3 spell levels left.
You didn't know any spells.
Your spell library was empty.

Dungeon Overview and Level Annotations

Branches:
Dungeon (4/15)
 Temple: D:4-7

Altars:
Ashenzari
Elyvilon
The Shining One

Annotations:
D:2 Terence


Message History

You closely miss the goblin. The goblin closely misses you.
You hit the goblin.
You kill the goblin!
You hit the ogre.
The ogre is lightly wounded.
The ogre misses you.
You barely miss the ogre.
The ogre is lightly wounded.
The ogre closely misses you.
You closely miss the ogre.
The ogre is lightly wounded.
The ogre hits you with a +0 giant club!
You hit the ogre but do no damage.
The ogre is lightly wounded.
The ogre closely misses you.
You hit the ogre.
The ogre is lightly wounded.
The ogre hits you with a +0 giant club!!
Ouch! That really hurt!
You die...

.........
#..........#####
#..........#%Og#
#..........#gg.#
#..........#.gg# #
#..........##'##..#
.................#
######g..##(..#....#
#...@Ogg..(.###....#
#.#########.# ......
# #.# ...... #.#
###### # #.# .. #.#
#.####.#######
#.............
##.###.#########


You could see an ogre and 3 goblins.

Vanquished Creatures
  2 adders (D:2)
  A worm (D:2)
  2 giant cockroaches
  7 hobgoblins
  5 kobolds
  2 bats
  2 frilled lizards
  10 goblins
  2 leopard gecko skeletons (D:4)
  10 rats
43 creatures vanquished.

Notes
Turn   | Place    | Note
-------+----------+-------------------------------------------
     0 | D:1      | Alfie the Human Hunter began the quest for the Orb.
     0 | D:1      | Reached XP level 1. HP: 16/16 MP: 1/1
   180 | D:1      | Reached XP level 2. HP: 22/22 MP: 2/2
   654 | D:2      | Reached XP level 3. HP: 27/27 MP: 3/3
   702 | D:2      | Found a glowing golden altar of the Shining One.
   733 | D:2      | Found a white marble altar of Elyvilon.
   978 | D:2      | Reached XP level 4. HP: 14/33 MP: 4/4
  1150 | D:2      | Noticed Terence
  1291 | D:3      | Reached skill level 1 in Armour
  1523 | D:3      | Noticed an ogre
  1601 | D:4      | Found a shattered altar of Ashenzari.
  1646 | D:4      | Noticed an ogre
  1671 | D:4      | Slain by an ogre

Levels and vault maps discovered:
D:1:      minmay_arrival_doors, layout_rooms, st_stairs_13,
          palyth_stone_intersect, corexii_hall_statues_i
D:2:      layout_basic, nicolae_tso_carved_into_rock, lemuel_crystal_altar,
          grunt_ministairs_7, uniq_terence
D:3:      layout_basic, lemuel_coloured_pillars_altar, first_ration
D:4:      layout_basic, cheibrodos_ashenzari_chains, minmay_ogre_servants

Skill      XL: |  1  2  3  4 |
---------------+-------------+-----
Armour         | 1 |  1.2
Fighting       | |  2.2
Short Blades   | |  0.8
Bows           | |  4.9
Dodging        | |  2.2
Stealth        | |  1.0

Action                   |  1- 3 |  4- 6 || total
-------------------------+-------+-------++-------
Melee: Short sword       |    29 |    61 ||    90
 Fire: Shortbow          |    81 |     1 ||    82
  Use: Scroll            |     1 |     4 ||     5
  Eat: Ration            |       |     1 ||     1
Armor: Leather armour    |    14 |    12 ||    26
Dodge: Dodged            |    40 |    49 ||    89

Table legend:
 A = Non-vault XP
 B = Vault XP
 C = Vault XP percentage of total XP
 D = Non-vault monster count
 E = Vault monster count
 F = Vault count percentage of total count
                 A         B        C        D         E       F
            +---------+---------+-------+---------+---------+-------
      Total |      80 |      12 |  13.0 |      36 |       7 |  16.3
            +---------+---------+-------+---------+---------+-------
        D:1 |      23 |       4 |  14.8 |      16 |       2 |  11.1
        D:2 |      40 |       2 |   4.8 |       9 |       2 |  18.2
        D:3 |      13 |       0 |   0.0 |       8 |       0 |   0.0
        D:4 |       4 |       6 |  60.0 |       3 |       3 |  50.0
            +---------+---------+-------+---------+---------+-------
